 Dungeon Crawl Stone Soup version 0.29.1-12-g30fa7ad0bf (webtiles) character file.

Game seed: 1635988177200831223

1246 MisterFreud the Covert (level 8, -2/64 HPs)
             Began as a Gnoll Brigand on Dec 27, 2022.
             Slain by a gnoll sergeant
             ... wielding a +0 trident
              (11 damage)
             ... on level 7 of the Dungeon.
             The game lasted 00:05:50 (6832 turns).

MisterFreud the Covert (Gnoll Brigand)              Turns: 6832, Time: 00:05:51

Health: -2/64      AC: 10    Str: 10    XL:     8   Next: 50%
Magic:  13/13      EV: 14    Int: 13    God:
Gold:   241        SH:  0    Dex: 20    Spells: 13/13 levels left

rFire   . . .      SeeInvis .   a - +3 dagger
rCold   . . .      Faith    .   (no shield)
rNeg    . . .      Spirit   .   b - +0 robe
rPois   .          Reflect  .   (no helmet)
rElec   .          Harm     .   c - +1 cloak
rCorr   .          Rampage  .   q - +1 pair of gloves
Will    .....                   (no boots)
Stlth   ++++......              (no amulet)
HPRegen 0.20/turn               k - +6 ring of dexterity
MPRegen 0.13/turn               m - +4 ring of protection

@: no status effects
A: fangs 1, strong nose, distributed training
a: no special abilities


You were on level 7 of the Dungeon.
You visited 1 branch of the dungeon, and saw 7 of its levels.

You collected 241 gold pieces.

Inventory:

Hand Weapons
 a - a +3 dagger (weapon)
 y - a +2 quarterstaff of chaos
Missiles
 d - 23 poisoned darts (quivered)
 e - 3 curare-tipped darts
 f - 3 atropa-tipped darts
 w - 6 boomerangs
Armour
 b - a +0 robe (worn)
 c - a +1 cloak (worn)
 q - a +1 pair of gloves (worn)
Jewellery
 j - a ring of willpower
 k - a +6 ring of dexterity (left hand)
 l - a ring of wizardry
 m - a +4 ring of protection (right hand)
 x - a ring of positive energy
Wands
 n - a wand of digging (10)
Scrolls
 r - 2 scrolls of fear
 u - a scroll of identify
 v - a scroll of teleportation
Potions
 g - a potion of curing
 h - 2 potions of brilliance
 i - 4 potions of mutation
 o - a potion of flight {unknown}
 p - 2 potions of resistance {unknown}
 s - 4 potions of degeneration {unknown}
 t - 2 potions of lignification {unknown}
 z - a potion of magic {unknown}


   Skills:
 + Level 5.8 Fighting
 + Level 5.8 Short Blades
 + Level 3.4 Long Blades
 + Level 3.4 Axes
 + Level 3.4 Maces & Flails
 + Level 3.4 Polearms
 + Level 3.4 Staves
 + Level 3.4 Ranged Weapons
 + Level 5.8 Throwing
 + Level 3.4 Armour
 + Level 4.3 Dodging
 + Level 8.6 Stealth
 + Level 3.4 Shields
 + Level 3.4 Unarmed Combat
 + Level 3.4 Spellcasting
 + Level 2.8 Conjurations
 + Level 2.8 Hexes
 + Level 2.8 Summonings
 + Level 2.8 Necromancy
 + Level 2.8 Translocations
 + Level 2.8 Transmutations
 + Level 2.8 Fire Magic
 + Level 2.8 Ice Magic
 + Level 2.8 Air Magic
 + Level 2.8 Earth Magic
 + Level 2.8 Poison Magic
 + Level 3.8 Invocations
 + Level 3.4 Evocations


You had 13 spell levels left.
You didn't know any spells.
Your spell library contained the following spells:

 Spells                   Type           Power      Damage    Failure   Level
 Beastly Appendage        Tmut           18%        N/A       7%          1
 Slow                     Hex            36%        N/A       7%          1
 Wereblood                Tmut           9%         N/A       11%         2
 Confusing Touch          Hex            9%         N/A       21%         3
 Conjure Flame            Conj/Fire      9%         6-21      21%         3
 Ignite Poison            Fire/Tmut/Pois 9%         N/A       21%         3
 Spider Form              Tmut/Pois      9%         N/A       21%         3
 Vampiric Draining        Necr           9%         2d6       21%         3
 Leda's Liquefaction      Hex/Erth       4%         N/A       56%         4
 Sticky Flame             Conj/Fire      9%         2d3       56%         4
 Lee's Rapid Deconstruct  Erth           4%         3d6*      88%         5
 Statue Form              Tmut/Erth      6%         N/A       100%        6


Dungeon Overview and Level Annotations

Branches:
Dungeon (7/15)
 Temple: D:4-7

Altars:
Wu Jian

Shops:
D:3 (


Innate Abilities, Weirdness & Mutations

You have very sharp teeth.
Your uncanny sense of smell can sniff out nearby items.
Your experience applies equally to all skills.


Message History

The gnoll sergeant is heavily wounded.
The gnoll sergeant hits you with a +0 trident!
You are too injured to fight recklessly!
You completely miss the gnoll sergeant.
The gnoll sergeant is heavily wounded.
You are too injured to fight recklessly!
You hit the gnoll sergeant.
The gnoll sergeant is heavily wounded.
The gnoll sergeant barely misses you.
You are too injured to fight recklessly!
You barely miss the gnoll sergeant.
The gnoll sergeant is heavily wounded.
The gnoll sergeant hits you with a +0 trident.
You hit the gnoll sergeant but do no damage.
The gnoll sergeant is heavily wounded.
You are too injured to fight recklessly!
The gnoll sergeant blocks your attack.
The gnoll sergeant is heavily wounded.
The gnoll sergeant closely misses you.
You are too injured to fight recklessly!
You hit the gnoll sergeant.
The gnoll sergeant is severely wounded.
The gnoll sergeant hits you with a +0 trident.
* * * LOW HITPOINT WARNING * * *
You are too injured to fight recklessly!
You hit the gnoll sergeant but do no damage.
The gnoll sergeant is severely wounded.
The gnoll sergeant misses you.
You puncture the gnoll sergeant!
You bite the gnoll sergeant, but do no damage.
The gnoll sergeant is almost dead.
You hit the gnoll sergeant but do no damage.
You bite the gnoll sergeant, but do no damage.
The gnoll sergeant is almost dead.
The gnoll sergeant hits you with a +0 trident!
* * * LOW HITPOINT WARNING * * *
You hit the gnoll sergeant but do no damage.
The gnoll sergeant is almost dead.
The gnoll sergeant hits you with a +0 trident!
You die...

# #. ###
#####.###########
...
.......>)@gggg...
.##
...#.#.########.
.# #.# .. #.# #.#
#.# #.# #.# #.#


You could see a gnoll sergeant and 3 gnolls.

Vanquished Creatures
  Sigmund (D:2)
  A water moccasin (D:5)
  A black bear (D:7)
  2 ogres (D:5)
  A centaur (D:7)
  Blork the orc (D:4)
  A necrophage (D:5)
  A scorpion (D:4)
  2 howler monkeys (D:7)
  3 hounds
  A jelly (D:4)
  Crazy Yiuf (D:7)
  An orc priest (D:6)
  An orc wizard (D:4)
  Robin (D:2)
  3 adders
  4 gnolls
  A shadow imp (D:7)
  A white imp (D:5)
  5 dart slugs
  8 orcs
  3 ball pythons
  7 endoplasms
  2 giant cockroaches (D:4)
  14 goblins
  6 hobgoblins
  7 jackals
  3 quokkas
  2 bats (D:3)
  3 frilled lizards
  10 kobolds
  4 rats
102 creatures vanquished.

Notes
Turn   | Place    | Note
-------+----------+-------------------------------------------
     0 | D:1      | MisterFreud the Gnoll Brigand began the quest for the Orb.
     0 | D:1      | Reached XP level 1. HP: 20/20 MP: 1/1
   256 | D:1      | Reached XP level 2. HP: 26/26 MP: 2/2
   744 | D:1      | Found a faded altar of an unknown god.
   960 | D:2      | Noticed Robin
   962 | D:2      | Reached XP level 3. HP: 31/31 MP: 3/3
  1044 | D:2      | Killed Robin
  1045 | D:2      | Reached skill level 1 in Invocations
  1055 | D:2      | Reached skill level 1 in Long Blades
  1055 | D:2      | Reached skill level 1 in Axes
  1055 | D:2      | Reached skill level 1 in Maces & Flails
  1055 | D:2      | Reached skill level 1 in Polearms
  1055 | D:2      | Reached skill level 1 in Staves
  1055 | D:2      | Reached skill level 1 in Ranged Weapons
  1055 | D:2      | Reached skill level 1 in Armour
  1055 | D:2      | Reached skill level 1 in Shields
  1055 | D:2      | Reached skill level 1 in Unarmed Combat
  1055 | D:2      | Reached skill level 1 in Spellcasting
  1055 | D:2      | Reached skill level 1 in Evocations
  1482 | D:2      | Reached XP level 4. HP: 35/38 MP: 5/5
  1718 | D:2      | Reached skill level 1 in Conjurations
  1718 | D:2      | Reached skill level 1 in Hexes
  1718 | D:2      | Reached skill level 1 in Summonings
  1718 | D:2      | Reached skill level 1 in Necromancy
  1718 | D:2      | Reached skill level 1 in Translocations
  1718 | D:2      | Reached skill level 1 in Transmutations
  1718 | D:2      | Reached skill level 1 in Fire Magic
  1718 | D:2      | Reached skill level 1 in Ice Magic
  1718 | D:2      | Reached skill level 1 in Air Magic
  1718 | D:2      | Reached skill level 1 in Earth Magic
  1718 | D:2      | Reached skill level 1 in Poison Magic
  2527 | D:2      | Noticed Sigmund
  2552 | D:2      | Killed Sigmund
  2553 | D:2      | Reached skill level 8 in Stealth
  2553 | D:2      | Reached XP level 5. HP: 17/43 MP: 5/7
  2553 | D:2      | Reached XP level 6. HP: 19/50 MP: 5/8
  2842 | D:3      | Reached skill level 5 in Fighting
  2842 | D:3      | Reached skill level 5 in Short Blades
  2842 | D:3      | Reached skill level 5 in Throwing
  3063 | D:3      | Found Qalay's Weapon Boutique.
  3360 | D:3      | Found an ornate altar of the Wu Jian Council.
  3764 | D:4      | Noticed Blork the orc
  3784 | D:4      | Killed Blork the orc
  3785 | D:4      | Reached XP level 7. HP: 20/56 MP: 10/10
  4492 | D:5      | Entered Level 5 of the Dungeon
  5380 | D:5      | Reached XP level 8. HP: 63/63 MP: 12/12
  6641 | D:7      | Found a runed translucent door.
  6642 | D:7      | Noticed Crazy Yiuf
  6689 | D:7      | Killed Crazy Yiuf
  6832 | D:7      | Slain by a gnoll sergeant

Illustrated notes

Levels and vault maps discovered:
D:1:      dpeg_arrival_rooms_with_view, layout_basic,
          chequers_ecumenical_altar_simple_redux
D:2:      cheibrodos_old_hovel, layout_basic, uniq_robin, uniq_sigmund
D:3:      layout_loops_ring, mainiacjoe_overflow_brackets, serial_shops,
          nicolae_shop_bloodbath_and_beyond, dk_noncrumbling_3,
          dreamdust_princess_bridge, chequers_decorated_corner,
          chequers_serial_rivers_room_a
D:4:      layout_cave_pods, uniq_blork_the_orc
D:5:      layout_layer_cave
D:6:      cheibrodos_helix_gallery, layout_loops_cross,
          minmay_temple_entry_antechambers, cheibrodos_sewer_entry_bend,
          uniq_prince_ribbit1
D:7:      layout_basic, uniq_crazy_yiuf_cottage

Skill      XL: |  1  2  3  4  5  6  7 |
---------------+----------------------+-----
Invocations    | 1 2 3 |  3.8
Long Blades    | 1 2 3 |  3.4
Axes           | 1 2 3 |  3.4
Maces & Flails | 1 2 3 |  3.4
Polearms       | 1 2 3 |  3.4
Staves         | 1 2 3 |  3.4
Ranged Weapons | 1 2 3 |  3.4
Armour         | 1 2 3 |  3.4
Shields        | 1 2 3 |  3.4
Unarmed Combat | 1 2 3 |  3.4
Spellcasting   | 1 2 3 |  3.4
Evocations     | 1 2 3 |  3.4
Conjurations   | 1 2 |  2.8
Hexes          | 1 2 |  2.8
Summonings     | 1 2 |  2.8
Necromancy     | 1 2 |  2.8
Translocations | 1 2 |  2.8
Transmutations | 1 2 |  2.8
Fire Magic     | 1 2 |  2.8
Ice Magic      | 1 2 |  2.8
Air Magic      | 1 2 |  2.8
Earth Magic    | 1 2 |  2.8
Poison Magic   | 1 2 |  2.8
Dodging        | 3 4 |  4.3
Stealth        | 8 |  8.6
Fighting       | 5 |  5.8
Short Blades   | 5 |  5.8
Throwing       | 5 |  5.8

Action                   |  1- 3 |  4- 6 |  7- 9 || total
-------------------------+-------+-------+-------++-------
Melee: Dagger            |   116 |   119 |   157 ||   392
       Bite              |    16 |     4 |    17 ||    37
       Punch             |     3 |     1 |     4 ||     8
  Use: Scroll            |     5 |     2 |     3 ||    10
       Potion            |       |     1 |       ||     1
 Stab: Sleeping          |    12 |     9 |    17 ||    38
Armor: Robe              |    11 |    21 |    27 ||    59
Dodge: Dodged            |    48 |    74 |    63 ||   185
